[Event "Early-Titled-Tuesday-Blitz-January-30-2024"]
[Site "Chess.com"]
[Date "2024.01.30"]
[Round "3"]
[White "Darkbluelord"]
[Black "AlexLongson"]
[Result "0-1"]
[WhiteElo "2124"]
[BlackElo "2397"]
[TimeControl "180+1"]
[EndTime "8:30:49 PST"]
[Termination "AlexLongson won by resignation"]

1. e4 e5 2. Nf3 Nc6 3. d4 exd4 4.
Bc4 Nf6 5. e5 Ne4 6. Bd5 Nc5 7.
O-O Be7 8. Nbd2 d6 9. Bxc6+ bxc6 10. Nxd4 Bd7 11. b4 Ne6 12. exd6 Bxd6 13. Nf5 Be5 14. Rb1 O-O 15. Nc4 Bf6 16. Nce3 g6 17. Nh6+ Kg7 18. Nhg4 Bd4 19. Bb2 Bxb2 20. Rxb2 h5 21. Ne5 Be8 22.
Qxd8 Rxd8 23. c3 f6 24. N5c4 c5 25. b5 Nf4 26. g3 Nd3 27. Rbb1 c6 28. bxc6 Bxc6 29.
Na5 Ba8 30. c4 Ne5 31. Nd5 Bxd5 32. cxd5 Rxd5 33. f4 Ng4 34. Rb7+ Rf7 35. Rfb1 Rd2 36. Rxf7+ Kxf7 37. Rb7+ Ke6 38. Nc6 Nxh2 39. Rxa7 Kf5 40. Ra3 Kg4 41. Ne7 Nf3+ 42. Kf1 Kxg3 43. Rxf3+ Kxf3 44. Ke1 Rxa2 45. Nxg6 c4 46. Nh4+ Kxf4 47. Ng6+ Kg5 48. Ne7 h4 49. Nd5 h3 50. Nc3 Rc2 51.
Ne4+ Kf4 52. Nxf6 h2 53. Nd5+ Ke5 54. Ne3 h1=Q+ 0-1

[Event "Early-Titled-Tuesday-Blitz-January-30-2024"]
[Site "Chess.com"]
[Date "2024.01.30"]
[Round "3"]
[White "GMWSO"]
[Black "Eagle_2019"]
[Result "1/2-1/2"]
[WhiteElo "3138"]
[BlackElo "2811"]
[TimeControl "180+1"]
[EndTime "8:30:51 PST"]
[Termination "Game drawn by repetition"]

1. d4 d5 2. c4 e6 3. Nc3 Nf6 4. cxd5 exd5 5. Bg5 c6 6. e3 Bd6 7. Bd3 O-O 8. Nf3 Be6 9. Qb3 b6 10. Qc2 h6 11. Bh4 Nbd7 12. O-O Rc8 13. Rfe1 Qc7 14. Rac1 Qb7 15. Qe2 b5 16. e4 Bf4 17.
exd5 cxd5 18. Rcd1 a6 19. a4 Bg4 20. axb5 axb5 21. Bxb5 Rb8 22. h3 Bh5 23. g3 Rfe8 24. Qd3 Bd6 25. Rxe8+ Rxe8 26. Re1 Rxe1+ 27. Nxe1 g5 28.
Ng2 gxh4 29. Nxh4 Bf8 30. g4 Bg6 31. Nxg6 fxg6 32. Qxg6+ Bg7 33. Qf5 Nf8 34. h4 Qf7 35. Bc6 Ng6 36. g5 Ne7 37. Qh3 Nxc6 38. gxf6 Qxf6 39.
Nxd5 Qd6 40. Qc8+ Kh7 41. Qf5+ Kg8 42. Qc8+ Bf8 43. Qg4+ Bg7 44. Qc8+ 1/2-1/2

[Event "Early-Titled-Tuesday-Blitz-January-30-2024"]
[Site "Chess.com"]
[Date "2024.01.30"]
[Round "3"]
[White "WiktoriaPOL"]
[Black "atwalcb"]
[Result "0-1"]
[WhiteElo "2250"]
[BlackElo "2498"]
[TimeControl "180+1"]
[EndTime "8:30:52 PST"]
[Termination "atwalcb won on time"]

1. c4 e5 2. Nc3 Nc6 3. Nf3 f5 4. g3 e4 5. Nh4 d6 6. d3 exd3 7. Qxd3 g6 8. Nf3 Bg7 9. Bg5 Qd7 10. Bg2 h6 11. Be3 Nf6 12. Nh4 g5 13. Ng6 Rg8 14. h4 Kf7 15. h5 Nxh5 16. Bd5+ Kxg6 17. Bxg8 Ne5 18. Qc2 c6 19. O-O-O Nf6 20. Bd4 Qe7 21.
c5 Nxg8 22. cxd6 Qxd6 23. f4 Be6 24. fxe5 Bxe5 25. Bxe5 Qxe5 26. e4 f4 27. gxf4 Qxf4+ 28. Kb1 Rf8 29. Rc1 Qe5 30. Rcg1 Nf6 31. Qg2 g4 32.
Qe2 h5 33. Qe3 b5 34. Ne2 Qxe4+ 35. Qxe4+ Nxe4 36. Nd4 Bd5 37. Rh2 Ng5 38. Nc2 Be4 39. Kc1 Nf3 0-1

[Event "Early-Titled-Tuesday-Blitz-January-30-2024"]
[Site "Chess.com"]
[Date "2024.01.30"]
[Round "3"]
[White "Martial2008"]
[Black "Kotlyar_K"]
[Result "1-0"]
[WhiteElo "2681"]
[BlackElo "2491"]
[TimeControl "180+1"]
[EndTime "8:30:54 PST"]
[Termination "Martial2008 won by checkmate"]

1. d4 Nf6 2. Nf3 g6 3. Bg5 Ne4 4. Bh4 Bg7 5. Nbd2 Nxd2 6. Qxd2 d5 7. Bg5 Nd7 8. Bh6 Bf6 9. h4 e5 10. dxe5 Nxe5 11. Nxe5 Bxe5 12. c3 c6 13. h5 Be6 14.
O-O-O Qa5 15. hxg6 hxg6 16. Qg5 Bd6 17. Qf6 Kd7 18. e4 Be7 19. Qf4 g5 20. Qe3 Qxa2 21. exd5 Qa1+ 22. Kc2 Qa4+ 23. Kc1 cxd5 24. Bd3 Rac8 25. Bxg5 Bxg5 26. Qxg5 Qa1+ 27. Kc2 Qa4+ 28.
Kb1 Rxh1 29. Rxh1 b5 30. Bf5 Re8 31. Bxe6+ fxe6 32. Qe5 Kc6 33. Re1 Qc4 34. Qe2 Qf4 35.
g3 Qf5+ 36. Qc2 Qf6 37. Qb3 a6 38. Qa3 Ra8 39. f4 Kb6 40. Ka1 Rc8 41. Qd6+ Rc6 42. Qb8+ Kc5 43. Rd1 Qf5 44. Rd4 Qc2 45. b4# 1-0

[Event "Early-Titled-Tuesday-Blitz-January-30-2024"]
[Site "Chess.com"]
[Date "2024.01.30"]
[Round "3"]
[White "Philosopherrr"]
[Black "gshwbedhkhd"]
[Result "0-1"]
[WhiteElo "2386"]
[BlackElo "2591"]
[TimeControl "180+1"]
[EndTime "8:30:54 PST"]
[Termination "gshwbedhkhd won on time"]

1. e4 c5 2. Nf3 e6 3. d4 cxd4 4.
Nxd4 Nf6 5. Nc3 Nc6 6. g3 Be7 7. Bg2 Qc7 8. O-O a6 9. Re1 d6 10. Nxc6 bxc6 11. e5 dxe5 12. Rxe5 O-O 13. Bf4 Qb6 14. Na4 Qb7 15. c4 Rd8 16. Qc2 Bd7 17.
Rd1 Be8 18. Ree1 Nd7 19. Bd6 Bf6 20. b3 g6 21. Rd2 Bg7 22. Red1 Nf6 23. Be5 Rxd2 24.
Rxd2 Rc8 25. Qb2 Nh5 26. Bf3 Bxe5 27. Qxe5 Ng7 28. g4 Qb4 29. Qc3 Qe7 30. c5 Qg5 31.
Nb6 Rb8 32. Qe3 Qe7 33. Qe5 Rb7 34. b4 f6 35. Qd6 Rc7 36. Qxe7 Rxe7 37. Rd8 Kf7 38.
Nc8 Rc7 39. Nd6+ Ke7 40. Ra8 e5 41. Rxa6 Bd7 42. a3 Ne6 43. h3 Nd4 44. Bg2 f5 45. Nc4 e4 46. Ne5 Ke6 47. gxf5+ gxf5 0-1

[Event "Early-Titled-Tuesday-Blitz-January-30-2024"]
[Site "Chess.com"]
[Date "2024.01.30"]
[Round "3"]
[White "frequentblunders"]
[Black "HATilay"]
[Result "1-0"]
[WhiteElo "2168"]
[BlackElo "2539"]
[TimeControl "180+1"]
[EndTime "8:30:54 PST"]
[Termination "frequentblunders won on time"]

1. d3 e5 2. f4 exf4 3. Bxf4 Ne7 4. Nf3 Ng6 5. Bg3 c5 6. e4 Nc6 7. Nc3 Be7 8. Be2 O-O 9. O-O d6 10. Nd5 Be6 11. Nxe7+ Ncxe7 12. c3 f5 13. Ng5 Qd7 14. Nxe6 Qxe6 15. Bf3 f4 16. Bf2 Ne5 17. d4 Nxf3+ 18. Qxf3 Ng6 19. Rae1 Qxa2 20. e5 dxe5 21. dxe5 Qxb2 22.
Rb1 Qa2 23. Bxc5 Nxe5 24. Qxb7 f3 25. Rf2 Qa5 26. Bxf8 Rxf8 27. gxf3 Nd3 28. Rb5 Qa1+ 29. Rf1 Qxc3 30. Qd5+ Kh8 31. Qd6 Rg8 32. Rb8 h6 33. Rxg8+ Kxg8 34. Qb8+ Kh7 35. Qxa7 Nf4 36. Qf7 Qe3+ 37.
Kh1 Qe2 38. Qf5+ Kg8 39. Qc8+ Kh7 40. Qf5+ Ng6 41. Rg1 Qe8 42. h4 1-0

[Event "Early-Titled-Tuesday-Blitz-January-30-2024"]
[Site "Chess.com"]
[Date "2024.01.30"]
[Round "3"]
[White "Mohamed-almado"]
[Black "Der_Balak_3Halak"]
[Result "0-1"]
[WhiteElo "1590"]
[BlackElo "2335"]
[TimeControl "180+1"]
[EndTime "8:30:55 PST"]
[Termination "Der_Balak_3Halak won on time"]

1. d4 d5 2. c4 c6 3. Nc3 Nf6 4. Bf4 e6 5. c5 b6 6. b4 Ba6 7. f3 Be7 8. e3 Bxf1 9. Kxf1 O-O 10. h3 a5 11. a3 Na6 12. Rb1 axb4 13. axb4 Nd7 14.
Nge2 e5 15. Bg3 Bg5 16. f4 exf4 17. Bxf4 Re8 18. Kf2 Qe7 19. Qd3 b5 20. g3 h5 21. h4 Bxf4 22. gxf4 Nf6 23. Rhg1 Ng4+ 24. Rxg4 hxg4 25. Rh1 Nxb4 26. Qd2 Nc2 27. Qxc2 Qxe3+ 28. Ke1 Ra1+ 29. Nd1 b4 30. Rf1 b3 31. Qd2 Qxd2+ 32. Kxd2 Ra2+ 33. Kc3 Rexe2 34. Kxb3 g3 35. Rg1 g2 36. Kc3 Rac2+ 37. Kd3 Rcd2+ 38. Kc3 Kh7 39. Kb3 Kg6 40. Nc3 Rb2+ 41. Ka3 Rec2 42. Na4 Ra2+ 43. Kb3 Kf5 44. Nb6 Rcb2+ 45. Kc3 Kxf4 0-1

[Event "Early-Titled-Tuesday-Blitz-January-30-2024"]
[Site "Chess.com"]
[Date "2024.01.30"]
[Round "3"]
[White "ural58"]
[Black "Suleyman_Chess06"]
[Result "0-1"]
[WhiteElo "2458"]
[BlackElo "2632"]
[TimeControl "180+1"]
[EndTime "8:30:57 PST"]
[Termination "Suleyman_Chess06 won by resignation"]

1. e4 e6 2. d4 d5 3. Nc3 Nf6 4.
Bg5 Be7 5. e5 Nfd7 6. h4 h6 7.
Bxe7 Qxe7 8. f4 a6 9. Nf3 c5 10.
Qd2 Nc6 11. dxc5 O-O 12. O-O-O Nxc5 13. g4 b5 14. h5 b4 15. Ne2 Ne4 16. Qe3 f6 17.
Ned4 Nxd4 18. Qxd4 fxe5 19. Nxe5 Qf6 20. Ng6 Re8 21. Qxf6 Nxf6 22. Be2 a5 23. Bf3 a4 24.
Rhe1 b3 25. cxb3 axb3 26. a3 Ba6 27. Kb1 Rac8 28. Rc1 Bd3+ 29. Ka1 Bxg6 30. hxg6 Kf8 31. Kb1 Ke7 32. Rxc8 Rxc8 33. Rc1 Rd8 34. Bd1 Ne4 35. Bxb3 Kf6 36. f5 exf5 37. gxf5 Kxf5 38. Rd1 Nf6 39.
Bc2+ Kf4 40. b4 h5 41. b5 h4 42. a4 h3 43. b6 Ra8 44. Ka2 h2 45. Ka3 Nd7 46. b7 Rb8 47. Bb3 Rxb7 48. Bxd5 Rc7 49. Bh1 Ne5 50. a5 Nxg6 51. a6 Ne5 52. Bb7 Rc5 53.
Ka4 Rc2 54. Ra1 Nd7 55. a7 Nb6+ 56. Kb5 Rb2+ 57. Ka6 g5 58. a8=Q Nxa8 59. Bxa8 g4 60. Rf1+ Kg3 61. Rf7 Ra2+ 0-1

[Event "Early-Titled-Tuesday-Blitz-January-30-2024"]
[Site "Chess.com"]
[Date "2024.01.30"]
[Round "3"]
[White "shirovin"]
[Black "Zq1"]
[Result "1-0"]
[WhiteElo "2053"]
[BlackElo "2538"]
[TimeControl "180+1"]
[EndTime "8:30:57 PST"]
[Termination "shirovin won by resignation"]

1. e4 c5 2. Nf3 d6 3. c4 Bg4 4. Be2 Nc6 5. b3 g6 6. Bb2 Nf6 7. Nc3 Bg7 8. Nd5 O-O 9. Nxf6+ exf6 10. O-O Re8 11. h3 Bxf3 12. Bxf3 Qd7 13. d4 cxd4 14. Bxd4 Nxd4 15. Qxd4 f5 16. Qd3 fxe4 17. Bxe4 Bxa1 18. Rxa1 Qe7 19. Bd5 Rac8 20. Rd1 Rc7 21. Qd4 b6 22. Bf3 Rd8 23. g3 Rc5 24. Kg2 Qe5 25. Qd2 Kg7 26.
Re1 Qf6 27. Bd5 Rc7 28. Re3 Re7 29. Rf3 Qa1 30. Qf4 Qe5 31. Qd2 f5 32. h4 h5 33.
Re3 Qf6 34. Rf3 Rde8 35. Bc6 Re2 36. Qd5 R8e5 37. Qd3 Re7 38. a4 Rb2 39. Bd5 Re1 40. Re3 Rxe3 41. Qxe3 Qe5 42. Qf3 a5 43. Ba8 Rc2 44.
Qb7+ Kh6 45. Qf3 Qd4 46. Bb7 Rc3 47. Qe2 Rxb3 48. Qe8 Rb2 49. Qf8+ Kh7 50. Qf7+ Kh6 51. Qf8+ Qg7 52. Qxd6 Rb3 53. Bf3 Rb2 54. Bd5 Rd2 55. Qf4+ g5 56. Qxd2 f4 57. hxg5+ 1-0

[Event "Early-Titled-Tuesday-Blitz-January-30-2024"]
[Site "Chess.com"]
[Date "2024.01.30"]
[Round "3"]
[White "emeli_chess"]
[Black "viktorskliarov"]
[Result "0-1"]
[WhiteElo "2488"]
[BlackElo "2680"]
[TimeControl "180+1"]
[EndTime "8:30:58 PST"]
[Termination "viktorskliarov won by resignation"]

1. d4 Nf6 2. c4 e6 3. Nc3 Bb4 4. Qc2 c5 5. dxc5 Na6 6. a3 Bxc3+ 7. Qxc3 Nxc5 8. f3 d6 9. e4 e5 10. Be3 Qc7 11. Rd1 O-O 12. Ne2 a5 13. Qd2 Rd8 14. Nc3 Be6 15. Nb5 Qc6 16. Qc3 a4 17. Be2 Nb3 18. O-O Na5 19. c5 d5 20. Qxe5 dxe4 21. Rd6 Rxd6 22. Nxd6 Nd7 23. Qxe4 Bd5 24. Qb4 Nb3 25.
Bb5 Qc7 26. Bxd7 Qxd7 27. Rd1 Bc6 28. Qg4 Qxg4 29. fxg4 Rd8 30. Kf2 Rd7 31. h3 f6 32.
g5 fxg5 33. Kg3 h6 34. Re1 Kh7 35. Rd1 Re7 36. Bf2 Re2 37. Nf5 Rxb2 38. Rd8 Kg6 39. Ne3 Nxc5 40. Rd6+ Kh7 41. Nf5 Ne4+ 42. Kg4 Nxd6 43.
Nxd6 Rxf2 44. Nf5 Ra2 0-1

[Event "Early-Titled-Tuesday-Blitz-January-30-2024"]
[Site "Chess.com"]
[Date "2024.01.30"]
[Round "3"]
[White "DeArron_Fox"]
[Black "Vlad_Lukiianchuk"]
[Result "0-1"]
[WhiteElo "2461"]
[BlackElo "2635"]
[TimeControl "180+1"]
[EndTime "8:30:58 PST"]
[Termination "Vlad_Lukiianchuk won on time"]

1. d4 Nf6 2. c4 e6 3. Nf3 b6 4.
g3 Bb7 5. Bg2 Be7 6. O-O O-O 7.
Qc2 Be4 8. Qb3 c5 9. Nc3 Bb7 10. d5 exd5 11. cxd5 Re8 12. e4 d6 13. Re1 Nbd7 14.
Bf4 Nh5 15. Be3 Bf6 16. Nd2 Ne5 17. Nc4 Ng4 18. Bd2 Bd4 19. Ne3 Bc8 20. Nxg4 Bxg4 21. Be3 Bxe3 22. Rxe3 Qd7 23. a4 Rab8 24. Nb5 a6 25. Nc3 b5 26. axb5 axb5 27. Ra6 b4 28.
Na4 Nf6 29. Rb6 Ra8 30. Rc6 Qa7 31. Nb6 Qa1+ 32. Bf1 Bh3 33. Qd3 Ra2 34. e5 Ng4 35. exd6 Nxe3 36. fxe3 Rxb2 37. d7 Bxd7 38. Nxd7 Rb1 39.
Nb6 Rd1 40. Qe2 b3 41. d6 b2 42.
d7 Rxd7 43. Nxd7 b1=Q 44. Nxc5 Qg6 45. Rxg6 hxg6 46. Nd3 Qc3 0-1

[Event "Early-Titled-Tuesday-Blitz-January-30-2024"]
[Site "Chess.com"]
[Date "2024.01.30"]
[Round "3"]
[White "hmatyi07"]
[Black "verrbaa"]
[Result "0-1"]
[WhiteElo "2205"]
[BlackElo "2483"]
[TimeControl "180+1"]
[EndTime "8:30:58 PST"]
[Termination "verrbaa won by resignation"]

1. e4 c5 2. Nf3 e6 3. d4 cxd4 4. Nxd4 Nc6 5. Nc3 d6 6. Be3 Nf6 7. f3 h5 8. Qd2 a6 9. O-O-O Qc7 10. Nxc6 bxc6 11. e5 dxe5 12. Na4 Rb8 13. Nc5 Be7 14.
g4 hxg4 15. fxg4 Nxg4 16. Bg1 a5 17. Be2 Nf6 18. Qg5 g6 19. Qd2 Nd5 20. Kb1 Rh4 21. c4 Nf6 22. Bf2 Ne4 23. Nxe4 Rxe4 24. Bd3 Rg4 25.
Be2 Re4 26. Bd3 Rf4 27. Bg3 Rf5 28. Qh6 Bf6 29. Bxf5 exf5 30. Qd2 Be6 31. Rhe1 f4 32.
Bf2 e4 33. Bd4 e3 34. Qc3 Bxd4 35. Qxd4 Ke7 36. c5 Rd8 37. Qxd8+ Qxd8 38. Rxd8 Kxd8 39.
Kc2 Ke7 40. Kd3 f5 41. b3 Bd5 42. Rf1 g5 43. h4 Kf6 44. hxg5+ Kxg5 45. Rg1+ Kf6 46.
Ke2 Ke6 47. Rg6+ Ke5 48. Rg7 Kd4 49. Ra7 f3+ 50. Ke1 Kd3 51. Rxa5 f2+ 52. Kf1 Kd2 0-1

[Event "Early-Titled-Tuesday-Blitz-January-30-2024"]
[Site "Chess.com"]
[Date "2024.01.30"]
[Round "3"]
[White "FedaMaster"]
[Black "Nechitaylo_Nikita"]
[Result "1-0"]
[WhiteElo "2621"]
[BlackElo "2305"]
[TimeControl "180+1"]
[EndTime "8:30:58 PST"]
[Termination "FedaMaster won on time"]

1. Nf3 c5 2. e3 Nc6 3. g3 d5 4.
Bg2 g6 5. c4 dxc4 6. Qa4 Qd3 7.
Ne5 Qd6 8. Nxc6 Bd7 9. Na3 Bxc6 10. Bxc6+ Qxc6 11. Qxc6+ bxc6 12. Nxc4 Bg7 13. Ke2 Nf6 14.
b3 Nd5 15. Bb2 Bxb2 16. Nxb2 Kd7 17. Rhc1 Kd6 18. Nc4+ Ke6 19. Na5 Kd6 20. Nb7+ Kc7 21. Nxc5 Rhd8 22. d4 Re8 23. Nd3 f6 24. Rc4 e5 25. dxe5 fxe5 26. Rac1 Re6 27. e4 Nb6 28. R4c3 a5 29. Nc5 Rd6 30. Rd3 Rxd3 31. Nxd3 a4 32. b4 Re8 33. b5 Re6 34. Nb4 c5 35. Rxc5+ Kb7 36. Rc6 Rxc6 37. Nxc6 Nc4 38. Kd3 Nb2+ 39.
Kc2 Nc4 40. Kc3 Nd6 41. f3 Nxb5+ 42. Kb4 Kxc6 43. Kxa4 Kc5 44. Ka5 Nd4 45. f4 exf4 46.
gxf4 Kd6 47. Kb6 Ne6 48. a4 Nxf4 49. a5 1-0

[Event "Early-Titled-Tuesday-Blitz-January-30-2024"]
[Site "Chess.com"]
[Date "2024.01.30"]
[Round "3"]
[White "LevonAronian"]
[Black "Kotofeyca"]
[Result "1-0"]
[WhiteElo "3093"]
[BlackElo "2396"]
[TimeControl "180+1"]
[EndTime "8:31:00 PST"]
[Termination "LevonAronian won on time"]

1. e4 c5 2. Nf3 d6 3. c3 Nf6 4.
Be2 Nc6 5. d4 cxd4 6. cxd4 d5 7.
e5 Ne4 8. O-O Bf5 9. Nh4 e6 10.
Nxf5 exf5 11. Bb5 a6 12. Bxc6+ bxc6 13. Qa4 Rc8 14. f3 Ng5 15. Bxg5 Qxg5 16. f4 Qd8 17. Nd2 Qb6 18. Nb3 Bb4 19. Rac1 O-O 20. Kh1 Qb5 21. Qxb5 cxb5 22. a3 Be7 23. Na5 Rfe8 24. Nc6 Kf8 25. b4 Rc7 26. Nxe7 Rexe7 27. Rc5 Rxc5 28.
dxc5 Rd7 29. Kg1 Ke7 30. Kf2 d4 31. Ke2 Ke6 32. Kd3 Kd5 33. e6 fxe6 34. Re1 Re7 35. Re5+ Kc6 36. Kxd4 h6 37. Ke3 g5 38. fxg5 hxg5 39. g4 fxg4 40. Kf2 Kd7 41. Rxg5 Rf7+ 42. Kg3 Rf3+ 43. Kxg4 Rxa3 44. h4 Rb3 45. h5 Rxb4+ 46.
Kh3 Rb1 47. Rg2 Rh1+ 48. Rh2 Rxh2+ 49. Kxh2 b4 50. h6 b3 51. h7 b2 52. h8=Q b1=Q 53.
Qd4+ Kc8 54. Qd6 Qh7+ 55. Kg2 1-0

[Event "Early-Titled-Tuesday-Blitz-January-30-2024"]
[Site "Chess.com"]
[Date "2024.01.30"]
[Round "3"]
[White "jcibarra"]
[Black "BigAl"]
[Result "1-0"]
[WhiteElo "2852"]
[BlackElo "2536"]
[TimeControl "180+1"]
[EndTime "8:31:00 PST"]
[Termination "jcibarra won on time"]

1. e4 c6 2. Nf3 d5 3. d3 Nd7 4.
Qe2 e6 5. g3 Ne7 6. Bg2 g6 7. h4 h6 8. O-O Bg7 9. c3 b6 10. Re1 Ba6 11. Qc2 Qc7 12. d4 dxe4 13. Qxe4 Nf6 14. Qc2 Nh5 15. Ne5 Bb7 16. Na3 Rd8 17.
Nac4 O-O 18. Ng4 Nf5 19. Qe4 Ba8 20. Qe2 c5 21. Bxa8 Rxa8 22. dxc5 Qxc5 23. Nce5 Rad8 24. Kg2 Rd5 25. c4 Rdd8 26. b3 Kh7 27. Bb2 Nd4 28. Bxd4 Rxd4 29. Nh2 Nf6 30. Nhf3 Rdd8 31. Qc2 b5 32.
Rad1 Rxd1 33. Rxd1 bxc4 34. bxc4 Kg8 35. Qa4 Rc8 36.
Qc2 a5 37. Rb1 Qa7 38. Rb5 Qa8 39. Qb1 Ne4 40. Rb7 Bxe5 41. Qxe4 Bg7 42. Nd2 Rf8 43.
c5 a4 44. Nc4 Rc8 45. c6 Qa6 46. c7 Qa8 47. Nd6 Rxc7 48. Rxc7 Qxe4+ 49. Nxe4 1-0

[Event "Early-Titled-Tuesday-Blitz-January-30-2024"]
[Site "Chess.com"]
[Date "2024.01.30"]
[Round "3"]
[White "ukchessbomber"]
[Black "Smile2005"]
[Result "1-0"]
[WhiteElo "2630"]
[BlackElo "2457"]
[TimeControl "180+1"]
[EndTime "8:31:00 PST"]
[Termination "ukchessbomber won by checkmate"]

1. b4 Nf6 2. Bb2 e6 3. a3 a5 4. b5 d5 5. e3 Be7 6. c4 c6 7.
Nf3 Nbd7 8. Be2 O-O 9. O-O Nc5 10.
a4 h6 11. Qc2 Re8 12. d3 Ncd7 13. Nbd2 Bd6 14. d4 e5 15. dxe5 Nxe5 16. Nxe5 Bxe5 17. Bxe5 Rxe5 18. Nf3 Bf5 19. Qb2 Re8 20. Rfd1 Qe7 21. Rac1 Qb4 22. Qa1 Ne4 23. cxd5 cxd5 24. Rxd5 Bg6 25.
Rc4 Qf8 26. h4 Rad8 27. Rxd8 Rxd8 28. Ne5 Bf5 29. Rc7 f6 30. Nf3 b6 31. Nd4 Bc8 32. Qa2+ Kh7 33. Qc2 Qb4 34. Qxe4+ f5 35. Qe7 Qe1+ 36.
Kh2 Rg8 37. Rxc8 Rxc8 38. Nxf5 Rg8 39. Bd3 Qxf2 40. Nd6+ Kh8 41. Nf7+ Qxf7 42. Qxf7 g6 43. Bxg6 Rg7 44. Qf8+ Rg8 45. Qf6+ Rg7 46. Bf7 Kh7 47.
h5 Rg5 48. Bg6+ Kg8 49. Qf7+ Kh8 50. Qh7# 1-0

[Event "Early-Titled-Tuesday-Blitz-January-30-2024"]
[Site "Chess.com"]
[Date "2024.01.30"]
[Round "3"]
[White "scarabee43"]
[Black "MagnusCarlsen"]
[Result "1/2-1/2"]
[WhiteElo "2826"]
[BlackElo "3288"]
[TimeControl "180+1"]
[EndTime "8:31:01 PST"]
[Termination "Game drawn - insufficient material"]

1. d4 d5 2. c4 dxc4 3. Nf3 Nf6 4.
e3 e6 5. Bxc4 a6 6. O-O c5 7. e4 cxd4 8. e5 Nfd7 9. Qxd4 b5 10. Be2 Bb7 11. Rd1 Nc6 12. Qg4 h5 13. Qh3 Qb6 14. Be3 Bc5 15. Bxc5 Qxc5 16. Nc3 Ncxe5 17. Nxe5 Nxe5 18. Rac1 Rc8 19. a4 bxa4 20. Na2 Qa5 21. Rxc8+ Bxc8 22. Qg3 O-O 23. Bxh5 Nc4 24. Be2 Nxb2 25.
Rb1 a3 26. h4 e5 27. h5 Qd2 28. Qxe5 Be6 29. Nc3 Rd8 30. Ra1 Nd3 31. Qa5 Rc8 32. Bxd3 Qxc3 33. Rxa3 Qc1+ 34. Bf1 Bc4 35. Ra1 Qf4 36.
Bxc4 Rxc4 37. Qxa6 Kh7 38. Qb5 Re4 39. Qd3 Qf5 40.
Rf1 Rf4 41. Qxf5+ Rxf5 42. g4 Rf4 43. f3 f5 44. Kh2 fxg4 45. Kg3 Rxf3+ 46. Rxf3 gxf3 47.
Kxf3 Kh6 48. Kg4 g6 49. hxg6 Kxg6 1/2-1/2

[Event "Early-Titled-Tuesday-Blitz-January-30-2024"]
[Site "Chess.com"]
[Date "2024.01.30"]
[Round "3"]
[White "Attacks_Hurricane"]
[Black "CristianS27"]
[Result "0-1"]
[WhiteElo "2247"]
[BlackElo "2557"]
[TimeControl "180+1"]
[EndTime "8:31:01 PST"]
[Termination "CristianS27 won by checkmate"]

1. e4 e5 2. Nf3 Nc6 3. d4 exd4 4. Bc4 Nf6 5. O-O Nxe4 6. Re1 d5 7. Bxd5 Qxd5 8. Nc3 Qa5 9. Nxe4 Be6 10. Bg5 h6 11. Bh4 g5 12. Nxd4 gxh4 13. Nf6+ Ke7 14. Nxc6+ bxc6 15. Qd7+ Kxf6 16. Qd4+ Kg6 17. Qxh8 Qg5 18.
Qd4 Bc5 19. Qe4+ Kg7 20. c4 Rd8 21. Rad1 Rxd1 22. Rxd1 h3 23. a3 Qxg2+ 24. Qxg2+ hxg2 25. Kxg2 Bxc4 26. Rd7 Bd6 27. f3 Bd5 28. Rd8 Be5 29. b4 Bb2 30. a4 a6 31. a5 Bc3 32. Rb8 Bc4 33. Rb7 Bb5 34. Rxc7 Bxb4 35. Rd7 Bxa5 36. Rd4 Bc3 37. Rg4+ Kf6 38. h4 a5 39. Rg8 a4 40.
Rh8 Kg7 41. Ra8 Bb2 42. f4 a3 43. f5 Bc4 44. Kf3 a2 45. Kg4 a1=Q 46. Rxa1 Bxa1 47. f6+ Bxf6 48. Kh5 Be2# 0-1

[Event "Early-Titled-Tuesday-Blitz-January-30-2024"]
[Site "Chess.com"]
[Date "2024.01.30"]
[Round "3"]
[White "Kingstar70"]
[Black "mr65"]
[Result "0-1"]
[WhiteElo "2328"]
[BlackElo "1902"]
[TimeControl "180+1"]
[EndTime "8:31:01 PST"]
[Termination "mr65 won by resignation"]

1. e4 c5 2. Nf3 d6 3. d4 cxd4 4. Nxd4 Nf6 5. Nc3 a6 6. Rg1 h5 7. h3 h4 8. Be3 Nbd7 9. f4 Qc7 10. Qd2 b5 11. a3 e6 12. O-O-O Be7 13. Bxb5 axb5 14.
Ndxb5 Qb8 15. Nxd6+ Bxd6 16. Qxd6 Qxd6 17. Rxd6 Bb7 18.
Rgd1 Ke7 19. R6d4 Rhd8 20. Rb4 Bc6 21. Bf2 Rdb8 22. Rxb8 Rxb8 23. e5 Nd5 24. Bxh4+ Ke8 25. Nxd5 Bxd5 26. g3 Bg2 27. b4 Bxh3 28. Kb2 Nb6 29. Kb3 Bg4 30. Rd2 Rc8 31. Rd6 Nc4 32.
Rd4 Ne3 33. c3 Nf5 34. Rd2 Nxh4 35. gxh4 Ke7 36. c4 Rh8 37. Rh2 f6 38. exf6+ gxf6 39. a4 e5 40. fxe5 fxe5 41. a5 e4 42. Kc3 e3 43. b5 e2 44. Rh1 Rxh4 45. Re1 Bf3 46. a6 Kd6 47. b6 Kc6 48. b7 Kc7 49. Rb1 Rh8 50. Kd2 Kb8 51. Ke3 Rf8 52. Re1 Ka7 53. Ra1 Bh5 54. Re1 Re8+ 55. Kd2 Rd8+ 56. Ke3 Rd1 57. Kf2 Rd6 58. c5 Rxa6 59. Kg3 Ra2 60.
Kh4 Be8 61. Kg4 Kxb7 62. Kf3 Bb5 63. Ke3 Kc6 64. Kd4 Rd2+ 65. Ke3 Rd1 66. Kf2 Rxe1 67. Kxe1 Kxc5 0-1

[Event "Early-Titled-Tuesday-Blitz-January-30-2024"]
[Site "Chess.com"]
[Date "2024.01.30"]
[Round "3"]
[White "FairChess_on_YouTube"]
[Black "Iball95"]
[Result "1-0"]
[WhiteElo "3094"]
[BlackElo "2781"]
[TimeControl "180+1"]
[EndTime "8:31:02 PST"]
[Termination "FairChess_on_YouTube won by checkmate"]

1. d4 d5 2. Nf3 Nf6 3. Bf4 Bf5 4. e3 e6 5. Bd3 Bxd3 6. cxd3 Nbd7 7. O-O Bd6 8. Bg3 O-O 9. Nbd2 Bxg3 10. hxg3 c5 11. Rc1 Qb6 12. Qb3 Rfc8 13. Qa3 Rc7 14. Rc3 Rac8 15.
Rb3 Qa6 16. Qxa6 bxa6 17. Ra3 Rb8 18. b3 cxd4 19. Nxd4 Rb6 20. Rd1 Kf8 21. Ra5 Ke7 22. a3 g6 23. b4 Rc3 24. Nb1 Rc7 25. Nb3 Rc2 26. Rd2 Rxd2 27. N1xd2 Ne5 28. Nc5 Nfd7 29. Ndb3 Nb8 30. Kf1 Kd6 31. Ke2 Nec6 32. Ra4 h5 33. d4 Ke7 34. Kd2 Kd6 35. Kc3 Kc7 36. Nc1 Kd6 37. N1d3 Kc7 38. Nf4 Kd6 39. Nh3 Ke7 40. Ng5 Nd8 41. e4 dxe4 42. Ngxe4 Ndc6 43. Nd2 Nd8 44. Nc4 Rc6 45. b5 axb5 46. Rxa7+ Ke8 47. Ne5 Rd6 48.
Ra8 Nbc6 49. Nb7 Rd5 50. Nxc6 b4+ 51. axb4 Ra5 52. Rxd8# 1-0

[Event "Early-Titled-Tuesday-Blitz-January-30-2024"]
[Site "Chess.com"]
[Date "2024.01.30"]
[Round "3"]
[White "VinzentSpitzl"]
[Black "Zheenbekov86"]
[Result "1-0"]
[WhiteElo "2621"]
[BlackElo "2446"]
[TimeControl "180+1"]
[EndTime "8:31:02 PST"]
[Termination "VinzentSpitzl won by checkmate"]

1. e4 c6 2. d4 d5 3. exd5 cxd5 4.
Bd3 Nc6 5. c3 Nf6 6. Bf4 Bg4 7.
Qb3 Qc8 8. Nd2 e6 9. h3 Bh5 10. Ngf3 Be7 11. O-O O-O 12. Rfe1 a6 13. Ne5 Nd7 14. Qc2 Bg6 15. Nxg6 hxg6 16. g3 b5 17. a3 Na5 18. b4 Nc4 19. Nxc4 bxc4 20. Be2 Qc6 21. h4 Bd6 22. Be3 Rfe8 23. h5 gxh5 24. Bxh5 g6 25. Bxg6 Nf8 26. Bh5 f5 27. Bxe8 Qxe8 28.
Qe2 Qg6 29. Qf3 Nd7 30. Kg2 Nf6 31. Rh1 Ng4 32. Bf4 Bf8 33. Be5 Bg7 34. Bxg7 Qxg7 35.
Rae1 Qg6 36. Qf4 a5 37. Rh5 Qxh5 38. Rh1 Qg6 39. b5 Re8 40. b6 Re7 41. Qd6 Kf7 42.
Rh8 Nf6 43. b7 Rxb7 44. Qf8# 1-0

[Event "Early-Titled-Tuesday-Blitz-January-30-2024"]
[Site "Chess.com"]
[Date "2024.01.30"]
[Round "3"]
[White "soloderisas"]
[Black "inneremptiness"]
[Result "0-1"]
[WhiteElo "2527"]
[BlackElo "2857"]
[TimeControl "180+1"]
[EndTime "8:31:03 PST"]
[Termination "inneremptiness won on time"]

1. d4 Nf6 2. Nf3 g6 3. Bf4 Bg7 4. e3 O-O 5. Be2 d6 6. h3 Nd5 7. Bh2 Nc6 8. O-O e5 9. c4 Nb6 10. Nc3 exd4 11. exd4 Re8 12. a4 a5 13. Nb5 Re7 14. Re1 Nb4 15. c5 dxc5 16. dxc5 Rd7 17. Bxc7 Rxd1 18. Raxd1 Qf6 19. Rd8+ Bf8 20. cxb6 Nc6 21.
Re8 Kg7 22. Bc4 Bc5 23. Nc3 Be6 24. Rxa8 Bxc4 25. Ree8 Qf5 26. Ne4 Be7 27. Rg8+ Kh6 28. Ng3 Qb1+ 29. Kh2 Qc1 30. h4 f5 31. Rae8 Bxg8 32.
Rxg8 Bf6 33. Ne2 Qc4 34. Bf4+ Kh5 35. Ng3+ Kg4 36. Be3 Qxg8 37. Ng1 f4 38. f3+ Kxh4 39. Ne4 fxe3 40. g3+ Kh5 41. Ne2 Be7 42. Nf4+ Kh6 43. g4 Kg7 44. g5 Qb8 45. Kg3 e2 0-1